[Event "ICC tourney 2316 (120 10)"]
[Site "Internet Chess Club"]
[Date "2021.01.18"]
[Round "5"]
[White "mhebden"]
[Black "creepycrawlies"]
[Result "1-0"]
[ICCResult "Black resigns"]
[WhiteElo "2503"]
[BlackElo "2187"]
[Opening "QGD Slav: 4.e3 Bf5"]
[ECO "D12"]
[NIC "SL.01"]
[Time "11:02:24"]
[PlyCount "129"]
[TimeControl "7200+10"]

1. d4 d5 2. c4 c6 3. Nf3 Nf6 4. e3 Bf5 5. cxd5 cxd5 6. Qb3 Qc7 7. Bd2 e6 8.
Bb5+ Nc6 9. O-O Bd6 10. Bb4 O-O 11. Bxc6 bxc6 12. Nbd2 Rab8 13. Bxd6 Qxd6
14. Qc3 Rfc8 15. Rac1 Nd7 16. Nb3 f6 17. h3 Qb4 18. Rfd1 Qa4 19. Qa5 Qxa5
20. Nxa5 Rxb2 21. Nxc6 Kf8 22. Nxa7 Rxc1 23. Rxc1 Rxa2 24. Rc8+ Ke7 25.
Nc6+ Kd6 26. Nd8 Rc2 27. Nb7+ Ke7 28. Rg8 Rc7 29. Na5 Kf7 30. Ra8 Rc1+ 31.
Kh2 Ra1 32. Ra7 Ke8 33. Kg3 Ra2 34. h4 Be4 35. Ra8+ Kf7 36. Rd8 Rxa5 37.
Rxd7+ Kf8 38. Ng1 Ra2 39. Rc7 Bf5 40. h5 h6 41. Nf3 Be4 42. Nh4 Rc2 43. Ra7
Rc6 44. Kf4 Kg8 45. g4 Rc8 46. Re7 Rc6 47. f3 Bh7 48. Ng6 Bxg6 49. hxg6 Kf8
50. Ra7 e5+ 51. Kf5 exd4 52. exd4 Rc3 53. f4 Re3 54. Ra8+ Re8 55. Rxe8+
Kxe8 56. Ke6 Kf8 57. f5 Ke8 58. Kxd5 Kd7 59. Kc5 Kc7 60. d5 Kd7 61. d6 Kd8
62. Kc6 Kc8 63. d7+ Kd8 64. Kd6 h5 65. g5 { Black resigns } 1-0

[Event "ICC tourney 2316 (120 10)"]
[Site "Internet Chess Club"]
[Date "2021.01.18"]
[Round "5"]
[White "Mapking1"]
[Black "hidedozyo"]
[Result "1/2-1/2"]
[ICCResult "Game drawn by mutual agreement"]
[WhiteElo "1935"]
[BlackElo "2393"]
[Opening "Ruy Lopez: closed, Breyer, Borisenko variation"]
[ECO "C95"]
[NIC "RL.25"]
[Time "11:02:43"]
[PlyCount "88"]
[TimeControl "7200+10"]

1. e4 e5 2. Nf3 Nc6 3. Bb5 a6 4. Ba4 Nf6 5. O-O Be7 6. Re1 b5 7. Bb3 d6 8.
c3 O-O 9. h3 Nb8 10. d4 Nbd7 11. Nbd2 Bb7 12. Bc2 Re8 13. Nf1 Bf8 14. Ng3
g6 15. a4 c5 16. b3 exd4 17. cxd4 Bg7 18. Bb2 Qc7 19. Bd3 bxa4 20. Rxa4 Nb6
21. Ra1 Nfd7 22. Qc2 Qd8 23. d5 Ne5 24. Nxe5 Bxe5 25. Bxe5 Rxe5 26. f4 Re8
27. Kh2 Qf6 28. Ne2 Re7 29. Rf1 Bxd5 30. exd5 Nxd5 31. Qd2 Nb4 32. Bc4 d5
33. Bd3 Rae8 34. Rae1 Re3 35. Nc1 Rxe1 36. Rxe1 Rxe1 37. Qxe1 Qxf4+ 38. Kh1
Qd4 39. Bf1 a5 40. Bb5 Qb2 41. Nd3 Nxd3 42. Bxd3 Qxb3 43. Qe8+ Kg7 44. Qe5+
Kg8 { Game drawn by mutual agreement } 1/2-1/2

[Event "ICC tourney 2316 (120 10)"]
[Site "Internet Chess Club"]
[Date "2021.01.18"]
[Round "5"]
[White "drberkley"]
[Black "verutak"]
[Result "0-1"]
[ICCResult "White resigns"]
[WhiteElo "1952"]
[BlackElo "2050"]
[Opening "French: Winawer, advance variation"]
[ECO "C16"]
[NIC "FR.09"]
[Time "11:02:29"]
[PlyCount "134"]
[TimeControl "7200+10"]

1. e4 e6 2. Nc3 d5 3. d4 Bb4 4. e5 b6 5. Qg4 Bf8 6. Nf3 Ne7 7. Bg5 Qd7 8.
Bd3 Ba6 9. O-O-O Bxd3 10. Rxd3 Nf5 11. Nh4 h6 12. Bd2 Nc6 13. Nxf5 exf5 14.
Qf3 O-O-O 15. a3 Na5 16. Na2 Nc4 17. Re1 Be7 18. Qe2 Rhe8 19. f4 a5 20. Nc3
Bf8 21. Nb1 Re6 22. Be3 b5 23. Nd2 Rb6 24. Nb3 b4 25. Nc5 bxa3 26. Nxd7 a2
27. Nxb6+ cxb6 28. c3 a1=Q+ 29. Kc2 Qxb2+ 30. Kd1 Kb7 31. Bc1 Qb1 32. Rg3
Re8 33. Qc2 Qxc2+ 34. Kxc2 Nd6 35. e6 fxe6 36. Rg6 Ne4 37. Kb3 Rc8 38. Re3
a4+ 39. Kxa4 Nxc3+ 40. Kb3 Ne4 41. Kb2 Rc6 42. Re2 Kc7 43. Rc2 Rxc2+ 44.
Kxc2 Kd7 45. g4 fxg4 46. Rxg4 b5 47. Kb3 Ke8 48. Rg2 b4 49. Bd2 Nxd2+ 50.
Rxd2 Kf7 51. Re2 Kf6 52. Kc2 Bd6 53. Kb3 Kf5 54. h3 Bxf4 55. Kxb4 g5 56.
Kc3 h5 57. Kd3 g4 58. hxg4+ hxg4 59. Rg2 g3 60. Rg1 Kg4 61. Ke2 Bg5 62. Rg2
Bc1 63. Rg1 Bg5 64. Rf1 g2 65. Rd1 Kg3 66. Rb1 Bf6 67. Rd1 Bxd4 { White
resigns } 0-1

[Event "ICC tourney 2316 (120 10)"]
[Site "Internet Chess Club"]
[Date "2021.01.18"]
[Round "6"]
[White "Assured"]
[Black "BrodskyUTD"]
[Result "1/2-1/2"]
[ICCResult "Game drawn by mutual agreement"]
[WhiteElo "2552"]
[BlackElo "2564"]
[Opening "Queen's Indian: Riumin variation"]
[ECO "E16"]
[NIC "QI.06"]
[Time "16:16:45"]
[PlyCount "29"]
[TimeControl "7200+10"]

1. d4 Nf6 2. c4 e6 3. Nf3 b6 4. g3 Bb7 5. Bg2 Bb4+ 6. Bd2 Be7 7. Nc3 c6 8.
e4 d5 9. exd5 cxd5 10. Ne5 O-O 11. O-O Nc6 12. cxd5 Nxe5 13. d6 Nc6 14.
dxe7 Qxe7 15. Bg5 { Game drawn by mutual agreement } 1/2-1/2

[Event "ICC tourney 2316 (120 10)"]
[Site "Internet Chess Club"]
[Date "2021.01.18"]
[Round "6"]
[White "AlexW2007"]
[Black "mchessmaster"]
[Result "1-0"]
[ICCResult "Black resigns"]
[WhiteElo "2083"]
[BlackElo "1955"]
[Opening "QGD: Janowski variation"]
[ECO "D31"]
[NIC "QP.08"]
[Time "16:16:43"]
[PlyCount "41"]
[TimeControl "7200+10"]

1. d4 d5 2. c4 e6 3. Nc3 a6 4. Nf3 dxc4 5. a4 Nc6 6. e3 Na5 7. Nd2 Nf6 8.
Nxc4 Bb4 9. Nxa5 Bxa5 10. Be2 Ne4 11. Qc2 Qd5 12. Bf3 f5 13. O-O Bxc3 14.
bxc3 O-O 15. c4 Qc6 16. Ba3 Rf6 17. Qd3 Rg6 18. a5 Nc5 19. Bxc6 Nxd3 20.
Be8 Rh6 21. Rfd1 { Black resigns } 1-0

[Event "ICC tourney 2316 (120 10)"]
[Site "Internet Chess Club"]
[Date "2021.01.18"]
[Round "6"]
[White "Yucheng"]
[Black "yanzhe"]
[Result "1/2-1/2"]
[ICCResult "Game drawn by mutual agreement"]
[WhiteElo "1889"]
[BlackElo "1929"]
[Opening "QGD: Orthodox defense, Bd3 line"]
[ECO "D66"]
[NIC "QO.13"]
[Time "16:16:44"]
[PlyCount "37"]
[TimeControl "7200+10"]

1. d4 d5 2. c4 e6 3. Nc3 Nf6 4. Bg5 Be7 5. Nf3 O-O 6. e3 c6 7. Rc1 Nbd7 8.
Bd3 b6 9. cxd5 exd5 10. O-O Bb7 11. Qe2 Re8 12. Rfd1 Ne4 13. Bxe7 Qxe7 14.
Ba6 Ndf6 15. Bxb7 Qxb7 16. Ne5 Rac8 17. Nd3 Nd6 18. b3 Nfe4 19. Nxe4 { Game
drawn by mutual agreement } 1/2-1/2

[Event "ICC tourney 2316 (120 10)"]
[Site "Internet Chess Club"]
[Date "2021.01.18"]
[Round "6"]
[White "SuperWJ"]
[Black "drberkley"]
[Result "1/2-1/2"]
[ICCResult "Game drawn by mutual agreement"]
[WhiteElo "1959"]
[BlackElo "1952"]
[Opening "King's Indian: Andersson variation"]
[ECO "E92"]
[NIC "KI.18"]
[Time "16:16:39"]
[PlyCount "43"]
[TimeControl "7200+10"]

1. d4 Nf6 2. c4 g6 3. Nc3 Bg7 4. e4 d6 5. Be2 O-O 6. Nf3 e5 7. dxe5 dxe5 8.
Qxd8 Rxd8 9. Bg5 Re8 10. Nd5 Nxd5 11. cxd5 c6 12. Bc4 cxd5 13. Bxd5 Nd7 14.
Nd2 Nf6 15. Bb3 Bd7 16. f3 Rac8 17. Nc4 Re7 18. Rd1 Rc7 19. Kf2 h6 20. Bxf6
Bxf6 21. Ne3 Be6 22. Nd5 { Game drawn by mutual agreement } 1/2-1/2

[Event "ICC tourney 2316 (120 10)"]
[Site "Internet Chess Club"]
[Date "2021.01.18"]
[Round "6"]
[White "albertyao"]
[Black "Adhvaith0406"]
[Result "1/2-1/2"]
[ICCResult "Game drawn by mutual agreement"]
[WhiteElo "1908"]
[BlackElo "2033"]
[Opening "Sicilian: Najdorf, Byrne (English) attack"]
[ECO "B90"]
[NIC "SI.14"]
[Time "16:16:50"]
[PlyCount "66"]
[TimeControl "7200+10"]

1. e4 c5 2. Nf3 d6 3. d4 cxd4 4. Nxd4 Nf6 5. Nc3 a6 6. Be3 e5 7. Nb3 Be6 8.
f3 Be7 9. Qd2 O-O 10. g4 Nbd7 11. O-O-O b5 12. Kb1 Nb6 13. g5 Nh5 14. h4
Nc4 15. Bxc4 bxc4 16. Nc1 Rb8 17. Rhg1 Qc7 18. Ka1 Rfd8 19. Nd5 Bxd5 20.
exd5 Rb5 21. Ne2 Rdb8 22. b3 g6 23. Rg4 cxb3 24. cxb3 Bf8 25. Rc4 Qd7 26.
Nc3 R5b7 27. Ne4 Rc8 28. Rdc1 Rbc7 29. Rxc7 Rxc7 30. Rxc7 Qxc7 31. Kb2 Qd7
32. Qg2 Qb5 33. Qd2 Be7 { Game drawn by mutual agreement } 1/2-1/2

[Event "ICC tourney 2316 (120 10)"]
[Site "Internet Chess Club"]
[Date "2021.01.18"]
[Round "6"]
[White "hidedozyo"]
[Black "Ambuli123"]
[Result "1/2-1/2"]
[ICCResult "Game drawn by mutual agreement"]
[WhiteElo "2393"]
[BlackElo "2159"]
[Opening "Nimzo-Indian: classical variation"]
[ECO "E32"]
[NIC "NI.20"]
[Time "16:16:42"]
[PlyCount "38"]
[TimeControl "7200+10"]

1. d4 Nf6 2. c4 e6 3. Nc3 Bb4 4. Qc2 O-O 5. a3 Bxc3+ 6. Qxc3 b6 7. Bg5 Bb7
8. f3 d6 9. e3 Nbd7 10. Bd3 h6 11. Bh4 e5 12. d5 e4 13. Bc2 Re8 14. f4 Qe7
15. Bxf6 Nxf6 16. Ne2 c6 17. dxc6 Bxc6 18. O-O Rac8 19. Qd2 d5 { Game drawn
by mutual agreement } 1/2-1/2

[Event "ICC tourney 2316 (120 10)"]
[Site "Internet Chess Club"]
[Date "2021.01.18"]
[Round "6"]
[White "verutak"]
[Black "xcelswimmer"]
[Result "0-1"]
[ICCResult "White resigns"]
[WhiteElo "2050"]
[BlackElo "1937"]
[Opening "QGD Slav defense: exchange variation"]
[ECO "D10"]
[NIC "SL.01"]
[Time "16:16:42"]
[PlyCount "82"]
[TimeControl "7200+10"]

1. d4 d5 2. c4 c6 3. cxd5 cxd5 4. Nc3 Nf6 5. Bf4 Nc6 6. e3 a6 7. Nf3 Bg4 8.
Qb3 Na5 9. Qc2 e6 10. Bd3 Be7 11. Ne5 Bh5 12. Rc1 O-O 13. g4 Nxg4 14. Bxh7+
Kh8 15. Bd3 Nxe5 16. Bxe5 Bf6 17. Ne2 Rc8 18. Qxc8 Qxc8 19. Rxc8 Rxc8 20.
Bxf6 gxf6 21. b3 Nc6 22. Kd2 Nb4 23. Bb1 Bxe2 24. Kxe2 Nxa2 25. Bxa2 Rc2+
26. Kf3 Rxa2 27. Rc1 Kg7 28. Rg1+ Kh6 29. Rg8 Rb2 30. e4 Rxb3+ 31. Kf4 dxe4
32. Kxe4 b5 33. f4 a5 34. f5 a4 35. Ra8 a3 36. h4 b4 37. d5 exd5+ 38. Kxd5
Rh3 39. h5 Kxh5 40. Rh8+ Kg4 41. Rb8 b3 { White resigns } 0-1

[Event "ICC tourney 2316 (120 10)"]
[Site "Internet Chess Club"]
[Date "2021.01.18"]
[Round "6"]
[White "ASharikov"]
[Black "shianen"]
[Result "0-1"]
[ICCResult "White resigns"]
[WhiteElo "2281"]
[BlackElo "2201"]
[Opening "French: Wing gambit"]
[ECO "C00"]
[NIC "FR.01"]
[Time "16:16:39"]
[PlyCount "46"]
[TimeControl "7200+10"]

1. e4 e6 2. Nf3 d5 3. e5 c5 4. b4 cxb4 5. a3 Nc6 6. axb4 Bxb4 7. c3 Ba5 8.
d4 Nge7 9. Bd3 h6 10. O-O O-O 11. Bc2 f5 12. exf6 Rxf6 13. Qd3 Ng6 14. Ne5
Ncxe5 15. dxe5 Nxe5 16. Qh7+ Kf7 17. c4 Bc7 18. cxd5 exd5 19. Nc3 Qd6 20.
g3 Nf3+ 21. Kh1 Qe6 22. Bb3 Qh3 23. Bxd5+ Be6 { White resigns } 0-1

[Event "ICC tourney 2316 (120 10)"]
[Site "Internet Chess Club"]
[Date "2021.01.18"]
[Round "6"]
[White "Mapking1"]
[Black "yqd123yqd456"]
[Result "0-1"]
[ICCResult "White resigns"]
[WhiteElo "1935"]
[BlackElo "2366"]
[Opening "Sicilian: Pelikan, Chelyabinsk variation"]
[ECO "B33"]
[NIC "SI.37"]
[Time "16:17:00"]
[PlyCount "76"]
[TimeControl "7200+10"]

1. e4 c5 2. Nf3 Nc6 3. d4 cxd4 4. Nxd4 Nf6 5. Nc3 e5 6. Ndb5 d6 7. Bg5 a6
8. Na3 b5 9. Nd5 Be7 10. Bxf6 Bxf6 11. c3 O-O 12. Nc2 Bg5 13. Nce3 Bb7 14.
g3 Bxe3 15. Nxe3 Ne7 16. Nd5 Bxd5 17. exd5 Qb6 18. Bg2 b4 19. c4 Nf5 20.
O-O Qc5 21. b3 a5 22. Bh3 Nd4 23. Bd7 Ra7 24. Bc6 f5 25. Kg2 f4 26. Qg4
Raf7 27. Bd7 f3+ 28. Kh1 Kh8 29. Rae1 Qa7 30. Be6 Rf6 31. Re4 a4 32. Rxd4
exd4 33. h4 axb3 34. axb3 Rb8 35. Re1 d3 36. Qe4 Qxf2 37. Bh3 d2 38. Qe8+
Rf8 { White resigns } 0-1

[Event "ICC tourney 2316 (120 10)"]
[Site "Internet Chess Club"]
[Date "2021.01.18"]
[Round "6"]
[White "blueeagle405"]
[Black "lmperatorX"]
[Result "1/2-1/2"]
[ICCResult "Game drawn by mutual agreement"]
[WhiteElo "1998"]
[BlackElo "2118"]
[Opening "QGD: exchange, positional line, 6.Qc2"]
[ECO "D36"]
[NIC "QO.16"]
[Time "16:16:37"]
[PlyCount "62"]
[TimeControl "7200+10"]

1. d4 d5 2. c4 e6 3. Nc3 Nf6 4. cxd5 exd5 5. Bg5 c6 6. Qc2 Bd6 7. e3 O-O 8.
Bd3 h6 9. Bh4 Re8 10. Nge2 a5 11. h3 Na6 12. a3 Nc7 13. O-O Ne6 14. Rad1
Bd7 15. f3 Ng5 16. e4 Nfxe4 17. Bxg5 Nxg5 18. f4 Ne6 19. f5 Nf8 20. f6 g6
21. Rf3 Re6 22. Rdf1 Be8 23. Qd2 Nh7 24. Qxh6 Rxf6 25. Nf4 Bf8 26. Qh4 Bg7
27. Nce2 Rd6 28. Qe1 Qb6 29. h4 Bxd4+ 30. Nxd4 Qxd4+ 31. Kh1 Qxb2 { Game
drawn by mutual agreement } 1/2-1/2

[Event "ICC tourney 2316 (120 10)"]
[Site "Internet Chess Club"]
[Date "2021.01.18"]
[Round "6"]
[White "RogerZ"]
[Black "Chessking2008"]
[Result "1-0"]
[ICCResult "Black resigns"]
[WhiteElo "1930"]
[BlackElo "2200"]
[Opening "Sicilian: dragon, Yugoslav attack, 10.O-O-O"]
[ECO "B78"]
[NIC "SI.18"]
[Time "16:16:48"]
[PlyCount "137"]
[TimeControl "7200+10"]

1. e4 c5 2. Nf3 d6 3. d4 cxd4 4. Nxd4 Nf6 5. Nc3 g6 6. Be3 Bg7 7. f3 O-O 8.
Qd2 Nc6 9. Bc4 Bd7 10. O-O-O Ne5 11. Bb3 Rc8 12. Kb1 Nc4 13. Bxc4 Rxc4 14.
g4 b5 15. h4 b4 16. Nce2 Qa5 17. Bh6 Bxh6 18. Qxh6 Be6 19. Nxe6 fxe6 20.
Nf4 Qe5 21. Nd3 Qb5 22. h5 g5 23. e5 Nd5 24. Qxe6+ Rf7 25. exd6 exd6 26.
Rhe1 Rd4 27. Re4 Rxe4 28. fxe4 Ne3 29. Re1 Qc4 30. Qxc4 Nxc4 31. b3 Nd2+
32. Kc1 Nf3 33. Rf1 a5 34. Rd1 h6 35. Nb2 Ne5 36. Rxd6 Nxg4 37. Nc4 Rf1+
38. Kd2 Rf4 39. e5 Kf7 40. Ra6 Rd4+ 41. Ke2 Rd5 42. e6+ Ke7 43. Nxa5 Re5+
44. Kf3 Nh2+ 45. Kg3 Nf1+ 46. Kh3 Re3+ 47. Kg2 Re1 48. Nc6+ Kxe6 49. Nxb4+
Kf5 50. Rxh6 Ra1 51. a4 Ne3+ 52. Kf3 Ng4 53. Rh8 Ne5+ 54. Kg2 Kg4 55. Re8
Nf7 56. Re7 Nh6 57. Re5 Rd1 58. a5 Rd2+ 59. Kf1 Kf4 60. Rd5 Rh2 61. a6 Ng4
62. Rd4+ Kf3 63. Rxg4 Kxg4 64. a7 Rh1+ 65. Kg2 Ra1 66. Nc6 Ra2 67. b4 Rxc2+
68. Kf1 Kf3 69. Nd4+ { Black resigns } 1-0

[Event "ICC tourney 2316 (120 10)"]
[Site "Internet Chess Club"]
[Date "2021.01.18"]
[Round "6"]
[White "Drachekokosnuss"]
[Black "Heliosis"]
[Result "0-1"]
[ICCResult "White resigns"]
[WhiteElo "2100"]
[BlackElo "1913"]
[Opening "Ruy Lopez: 5.O-O"]
[ECO "C78"]
[NIC "RL.12"]
[Time "16:16:46"]
[PlyCount "78"]
[TimeControl "7200+10"]

1. e4 e5 2. Nf3 Nc6 3. Bb5 a6 4. Ba4 Nf6 5. O-O b5 6. Bb3 Bc5 7. Nxe5 Nxe5
8. d4 Bxd4 9. Qxd4 d6 10. f4 Nc6 11. Qe3 O-O 12. a3 Bb7 13. Nc3 Re8 14. Bd2
Qd7 15. h3 Na5 16. e5 Nxb3 17. cxb3 dxe5 18. fxe5 Nd5 19. Qd4 Qe6 20. Rae1
Rad8 21. Bg5 Rd7 22. Ne4 Nb6 23. Qc3 Qg6 24. Nc5 Bxg2 25. Rf4 Nd5 26. Qd4
Nxf4 27. Qxd7 Rf8 28. e6 Qxg5 29. exf7+ Kh8 30. Qe7 Bc6+ 31. Qxg5 Nxh3+ 32.
Kh2 Nxg5 33. Re7 Rxf7 34. Rxf7 Nxf7 35. Nxa6 g5 36. Nxc7 Ne5 37. Ne6 Nf3+
38. Kg3 h5 39. Nd8 h4+ { White resigns } 0-1

[Event "ICC tourney 2316 (120 10)"]
[Site "Internet Chess Club"]
[Date "2021.01.18"]
[Round "6"]
[White "mhebden"]
[Black "GGuseinov"]
[Result "1/2-1/2"]
[ICCResult "Game drawn by mutual agreement"]
[WhiteElo "2503"]
[BlackElo "2715"]
[Opening "Queen's pawn game"]
[ECO "D00"]
[NIC "QP.07"]
[Time "16:17:23"]
[PlyCount "143"]
[TimeControl "7200+10"]

1. d4 Nf6 2. Nc3 d5 3. Bf4 g6 4. e3 Bg7 5. Nf3 O-O 6. Be2 c5 7. O-O Nc6 8.
Ne5 cxd4 9. exd4 Bf5 10. Nxc6 bxc6 11. Na4 Nd7 12. c3 e5 13. Be3 Re8 14.
Rc1 Qh4 15. Re1 h6 16. Qd2 Kh7 17. b3 Re7 18. dxe5 Bxe5 19. g3 Qh3 20. Bf1
Qh5 21. Be2 Bg4 22. Bxg4 Qxg4 23. Nc5 Nxc5 24. Bxc5 Re6 25. Kg2 Qf5 26. f4
Bf6 27. Rxe6 Qxe6 28. Re1 Qf5 29. Bd4 Bxd4 30. cxd4 Qf6 31. Re5 a5 32. h4
a4 33. b4 a3 34. h5 gxh5 35. Rxh5 Re8 36. Re5 Rxe5 37. fxe5 Qf5 38. Qc3
Qe4+ 39. Qf3 Qxf3+ 40. Kxf3 h5 41. Kf4 Kg6 42. e6 f6 43. Kf3 Kg7 44. g4 h4
45. Kg2 Kf8 46. Kh3 Ke7 47. Kxh4 Kxe6 48. Kh5 Kf7 49. Kh6 f5 50. g5 Kg8 51.
Kh5 Kg7 52. g6 f4 53. Kg4 Kxg6 54. Kxf4 Kf6 55. Kg4 Ke6 56. Kf4 Kd7 57. Ke5
Kc7 58. b5 cxb5 59. Kxd5 Kb6 60. Ke6 b4 61. d5 b3 62. d6 bxa2 63. d7 a1=Q
64. d8=Q+ Kb5 65. Qd5+ Kb4 66. Qb7+ Ka4 67. Qa6+ Kb3 68. Qb5+ Ka2 69. Qc4+
Kb1 70. Qf1+ Kb2 71. Qe2+ Kb3 72. Qb5+ { Game drawn by mutual agreement }
1/2-1/2

[Event "ICC tourney 2316 (120 10)"]
[Site "Internet Chess Club"]
[Date "2021.01.18"]
[Round "6"]
[White "Gfprasanna"]
[Black "greenninja"]
[Result "1-0"]
[ICCResult "Black resigns"]
[WhiteElo "2151"]
[BlackElo "2025"]
[Opening "Sicilian: Alapin's variation (2.c3)"]
[ECO "B22"]
[NIC "SI.47"]
[Time "16:16:41"]
[PlyCount "85"]
[TimeControl "7200+10"]

1. e4 c5 2. c3 Nf6 3. e5 Nd5 4. d4 cxd4 5. cxd4 e6 6. Nc3 Nxc3 7. bxc3 Qc7
8. Bd2 b6 9. Be2 Bb7 10. Bf3 d6 11. exd6 Bxd6 12. Bxb7 Qxb7 13. Nf3 Nd7 14.
O-O O-O 15. Re1 Rac8 16. Qe2 Nf6 17. Qd3 Qc7 18. Rac1 Qc4 19. Qb1 Rfd8 20.
Bg5 Be7 21. Ne5 Qc7 22. Qd3 Nd5 23. Bxe7 Qxe7 24. c4 Nf6 25. Qf3 Qc7 26.
Red1 h6 27. h3 Rd6 28. Qb3 Nd7 29. Ng4 Rc6 30. Ne3 Nf6 31. Qb2 Rd8 32. d5
exd5 33. cxd5 Rxc1 34. Rxc1 Qb7 35. Rd1 Rd7 36. Qe5 Qc7 37. d6 Qd8 38. Nf5
Ne8 39. Rc1 f6 40. Qe6+ Kh8 41. Ne7 Nxd6 42. Ng6+ Kh7 43. Qxd7 { Black
resigns } 1-0

[Event "ICC tourney 2316 (120 10)"]
[Site "Internet Chess Club"]
[Date "2021.01.18"]
[Round "6"]
[White "creepycrawlies"]
[Black "sriramk"]
[Result "1-0"]
[ICCResult "Black resigns"]
[WhiteElo "2187"]
[BlackElo "2192"]
[Opening "QGD semi-Slav"]
[ECO "D43"]
[NIC "SL.03"]
[Time "16:16:42"]
[PlyCount "75"]
[TimeControl "7200+10"]

1. d4 d5 2. c4 c6 3. Nf3 Nf6 4. Nc3 e6 5. Bg5 h6 6. Bh4 dxc4 7. e4 g5 8.
Bg3 b5 9. Ne5 Nbd7 10. Nxc6 Qb6 11. Ne5 Bb7 12. Nxd7 Nxd7 13. Be2 Bg7 14.
O-O O-O 15. Qd2 Nf6 16. f3 Nh5 17. Bf2 Nf4 18. Rfd1 Rfd8 19. Bf1 Rac8 20.
Qc2 Ba6 21. d5 Qc7 22. a4 b4 23. Nb5 Bxb5 24. axb5 b3 25. Qb1 exd5 26. exd5
Nxd5 27. Rxa7 Qe5 28. b6 Rf8 29. b7 Rb8 30. Bxc4 Ne3 31. Re1 Qc5 32. Ra4
Qxc4 33. Rxc4 Nxc4 34. Qd3 Na5 35. Qa6 Nxb7 36. Ba7 Ra8 37. Qxb7 Rfd8 38.
Kf1 { Black resigns } 1-0

[Event "ICC tourney 2316 (120 10)"]
[Site "Internet Chess Club"]
[Date "2021.01.18"]
[Round "6"]
[White "AJM04"]
[Black "aarushnaveen"]
[Result "0-1"]
[ICCResult "White resigns"]
[WhiteElo "2050"]
[BlackElo "1977"]
[Opening "Sicilian: closed"]
[ECO "B23"]
[NIC "SI.44"]
[Time "16:16:58"]
[PlyCount "144"]
[TimeControl "7200+10"]

1. e4 c5 2. Nc3 d6 3. g3 Nc6 4. Bg2 Nf6 5. d3 g6 6. Nh3 Bg7 7. O-O O-O 8.
f4 Bg4 9. Qd2 Nd4 10. Kh1 Qd7 11. Ng1 Be6 12. h3 Nc6 13. Qf2 Qd8 14. Be3
Rb8 15. g4 Bc8 16. g5 Ne8 17. f5 b5 18. Nd5 Bxb2 19. Rab1 Bg7 20. f6 Bh8
21. d4 cxd4 22. Bxd4 exf6 23. gxf6 Nc7 24. Bxa7 Nxd5 25. Bxb8 Nxf6 26. e5
Nxb8 27. exf6 Nd7 28. Rfd1 Bxf6 29. Rxb5 Qc7 30. Qd2 Qc4 31. Ra5 Bc3 32.
Qd5 Qh4 33. Rb5 Nf6 34. Nf3 Qf2 35. Qd3 Re8 36. Rf1 Ne4 37. Qxe4 Qxf1+ 38.
Bxf1 Rxe4 39. Ng5 Re1 40. Rb8 Re8 41. Bc4 Kg7 42. Nxf7 d5 43. Bxd5 Be6 44.
Rxe8 Bxd5+ 45. Kh2 Kxf7 46. Re3 Bd4 47. Re2 Kf6 48. a4 Be5+ 49. Kg1 Bc6 50.
a5 Bc3 51. a6 Bd4+ 52. Kh2 Bb5 53. Re4 Be5+ 54. Kg1 Bxa6 55. Ra4 Bb5 56.
Ra8 Bd4+ 57. Kh2 Bd7 58. Rd8 Be5+ 59. Kg2 Bc6+ 60. Kf2 Kg5 61. Ke3 Kh4 62.
Rc8 Bh1 63. c4 Kxh3 64. c5 g5 65. Rg8 g4 66. Rg5 Bf6 67. Rh5+ Bh4 68. Rxh7
g3 69. Rh6 g2 70. Rxh4+ Kg3 71. Rg4+ Kxg4 72. Kf2 Kf5 { White resigns } 0-1

[Event "ICC tourney 2316 (120 10)"]
[Site "Internet Chess Club"]
[Date "2021.01.18"]
[Round "6"]
[White "PawnEatingZombi"]
[Black "ahu1015"]
[Result "1-0"]
[ICCResult "Black resigns"]
[WhiteElo "2190"]
[BlackElo "1993"]
[Opening "Grünfeld: modern exchange variation"]
[ECO "D85"]
[NIC "GI.04"]
[Time "16:16:50"]
[PlyCount "77"]
[TimeControl "7200+10"]

1. d4 Nf6 2. c4 g6 3. Nc3 d5 4. cxd5 Nxd5 5. e4 Nxc3 6. bxc3 Bg7 7. Nf3 O-O
8. Be2 c5 9. O-O cxd4 10. cxd4 b6 11. Bg5 Bb7 12. Qd3 Nc6 13. Rad1 Qd6 14.
Qe3 e6 15. Bh6 Na5 16. h4 Rfd8 17. Bxg7 Kxg7 18. h5 h6 19. Ne5 Nc6 20. Ng4
g5 21. e5 Qd5 22. Nf6 Qxa2 23. Rd2 Qa4 24. Qe4 Rxd4 25. Qh7+ Kf8 26. Qxh6+
Ke7 27. Qxg5 Rxd2 28. Ng4+ Ke8 29. Qxd2 Nd4 30. Bd1 Qc6 31. Nf6+ Ke7 32.
Qg5 Rd8 33. h6 Qxg2+ 34. Qxg2 Bxg2 35. Kxg2 Nc6 36. f4 Rh8 37. Bf3 Nb8 38.
Rd1 Rxh6 39. Ng8+ { Black resigns } 1-0